 Dungeon Crawl Stone Soup version 0.17-a0-854-g4a4ba72 (webtiles) character file.

174772 namelastname112 the Sharpshooter (level 17, -16/169 HPs)
             Began as a Mottled Draconian Gladiator on Apr 28, 2015.
             Was the Champion of Okawaru.
             Killed from afar by a shock serpent (21 damage)
             ... with a bolt of electricity
             ... on level 4 of the Snake Pit.
             The game lasted 01:36:32 (34064 turns).

namelastname112 the Sharpshooter (DrGl)            Turns: 34064, Time: 01:36:32

Health: -16/169    AC: 21    Str: 20    XL:     17   Next: 45%
Magic:  15/24      EV: 26    Int:  5    God:    Okawaru [******]
Gold:   1507       SH:  0    Dex: 16    Spells: 3 memorised, 12 levels left

rFire  . . .     SeeInvis +     b - +3 triple crossbow (evade)
rCold  + + .     Clarity  +     (armour unavailable)
rNeg   . . .     SustAb   .     (no shield)
rPois  +         Gourm    .     G - +2 hat of the High Council {Archmagi, Wiz- Stlth-}
rElec  .         Spirit   .     g - +1 cloak "Ruwoah Uruys" {rC++}
rCorr  .         Warding  .     s - +1 pair of gloves {archery}
rMut   .         Stasis   .     y - +1 pair of boots {run}
MR     +++..                    T - amulet of regeneration
Stlth  ..........               j - +4 ring of protection
                                v - ring "Ruynuz" {+Inv MR+ Int-2 Slay+5 SInv}

@: very slightly contaminated, quick, extremely resistant to hostile
enchantments, extremely unstealthy
A: breathe sticky flame splash, unfitting armour, horns 1, stinger 2, talons 2,
clarity, dopey 1, magic resistance 1, poison resistance, robust 1, no device
heal 1, cold-blooded, AC +9
a: Breathe Sticky Flame, Heroism, Finesse, Renounce Religion, Evoke Invisibility


You were on level 4 of the Snake Pit.
You worshipped Okawaru.
Okawaru was exalted by your worship.
You were hungry.

You visited 4 branches of the dungeon, and saw 31 of its levels.
You also visited: Labyrinth, Trove, Sewer and Ossuary.

You collected 3387 gold pieces.
You spent 1076 gold pieces at shops.

Inventory:

Hand weapons
 a - a +7 lajatang of speed
 b - a +3 triple crossbow of evasion (weapon)
Missiles
 B - 23 poisoned bolts
 U - 5 steel bolts
 X - 108 bolts (quivered)
Armour
 g - the +1 cloak "Ruwoah Uruys" (worn) {rC++}
   (Okawaru gifted it to you on level 3 of the Snake Pit)

   It greatly protects you from cold.
 s - a +1 pair of gloves of archery (worn)
 y - a +1 pair of boots of running (worn)
 G - the +2 hat of the High Council (worn) {Archmagi, Wiz- Stlth-}
   (You found it on level 4 of the Lair of Beasts)

   It makes you less stealthy.
 R - the +2 pair of gloves of the Mind {rPois Regen+}
   (Okawaru gifted it to you on level 4 of the Snake Pit)

   It protects you from poison.
   It increases your rate of regeneration.
Rods
 i - a +3 iron rod (12/12)
   (You found it in a treasure trove)
 r - a +5 rod of clouds (12/12)
   (You found it in a treasure trove)
 N - a +2 rod of destruction (14/14)
   (You found it in a treasure trove)
Jewellery
 j - a +4 ring of protection (right hand)
 v - the ring "Ruynuz" (left hand) {+Inv MR+ Int-2 Slay+5 SInv}
   (You found it on level 2 of the Lair of Beasts)

   [ring of see invisible]

   It affects your intelligence (-2).
   It affects your accuracy and damage with ranged weapons and melee attacks
   (+5).
   It affects your resistance to hostile enchantments.
   It enhances your eyesight.
   It lets you turn invisible.
 x - a +4 ring of evasion
 F - a +4 ring of intelligence
 T - an amulet of regeneration (around neck)
Magical devices
 C - a wand of cold (6)
 K - a wand of teleportation (0)
 L - a wand of draining (8)
 M - a wand of digging (14)
 W - a wand of heal wounds (1)
 Y - a wand of invisibility (3)
Scrolls
 e - 5 scrolls of recharging
 l - a scroll of identify
 m - a scroll of torment {unknown}
 n - 4 scrolls of magic mapping
 p - 3 scrolls of summoning
 z - 5 scrolls of fog
 H - a scroll of enchant weapon
 O - 3 scrolls of remove curse
 Q - 3 scrolls of enchant armour
 V - 4 scrolls of teleportation
Potions
 h - 3 potions of brilliance
 k - 5 potions of invisibility
 t - 3 potions of agility
 u - 3 potions of might
 w - 2 potions of cure mutation
 A - 4 potions of resistance
 E - 2 potions of restore abilities
 I - 4 potions of flight
 J - 2 potions of magic
 P - 14 potions of curing
 S - a potion of berserk rage
 Z - a potion of cancellation
Miscellaneous
 D - a sack of spiders
Comestibles
 d - 11 bread rations
 f - 4 chunks of flesh
 o - 4 meat rations
 q - 16 fruits


   Skills:
 + Level 14.4 Fighting
 + Level 16.2 Staves
 * Level 16.9 Crossbows
 - Level 1.7 Throwing
 + Level 12.5 Dodging
 - Level 9.8 Invocations
 - Level 9.0 Evocations


You had 12 spell levels left.
You knew the following spells:

 Your Spells              Type           Power        Failure   Level  Hunger
a - Apportation           Tloc           #.........   71%         1    ##.....
b - Blink                 Tloc           N/A          89%         2    ###....
c - Summon Butterflies    Summ           #.......     71%         1    ##.....


Dungeon Overview and Level Annotations

Branches:
Dungeon (15/15)            Temple (0/1) D:4            Lair (8/8) D:9
 Shoals (0/4) Lair:5        Snake (4/4) Lair:4        Slime (0/6) Lair:8
    Orc (4/4) D:9             Elf (0/3) Orc:3        Vaults (0/5) D:13
 Depths (0/5) D:15

Altars:
Cheibriados
Dithmenos
Elyvilon
Fedhas
Gozag
Kikubaaqudgha
Nemelex Xobeh
Okawaru
Qazlal
Sif Muna
Trog
Yredelemnul
The Shining One
Beogh

Shops:
D:5 !   D:7 *   D:8 =   D:12 *   Orc:2 [   Orc:3 *   Orc:4 ![((


Innate Abilities, Weirdness & Mutations

You can spit globs of burning liquid.
You can ignite nearby creatures when you spit burning liquid.
Your weird mottled scales are hard (AC +9).
Your body does not fit into most forms of armour.
You are cold-blooded and may be slowed by cold attacks.
You have a pair of small horns on your head.
Your tail ends in a sharp poisonous barb.
You have razor-sharp toenails.
You possess an exceptional clarity of mind.
You are dopey. (Int -2)
You are resistant to hostile enchantments.
Your system is resistant to poisons.
You are robust (+10% HP).
Potions and wands are less effective at restoring your health.


Message History

The bolt barely misses the shock serpent.
The shock serpent shoots out a bolt of lightning at you!
The bolt of electricity hits the shock serpent.
The shock serpent completely resists.
The bolt of electricity hits you!
* * * LOW HITPOINT WARNING * * *
The shock serpent shoots out a bolt of lightning at you!
The bolt of electricity hits you!
* * * LOW HITPOINT WARNING * * *
The shock serpent shoots out a bolt of lightning at you!
The bolt of electricity hits the shock serpent.
The shock serpent completely resists.
The bolt of electricity hits you!
* * * LOW HITPOINT WARNING * * *
Read which item? (? for menu, Esc to quit)
Blink to where?
Press: ? - help, Dir - move target cursor, p - shock serpent You are very lightly contaminated with residual magic.
As you read the scroll of blinking, it crumbles to dust.
The shock serpent shoots out a bolt of lightning at you!
The bolt of electricity hits you!
You die...

.........,,#.(.....≈≈)§...§.#,,,,
.........,,#...(..≈≈≈≈§.....#***,
........,,,#..§(.≈≈≈§≈§.....# **
#.......,,##§.≈≈§§§≈≈≈≈≈≈≈..## *
*#......,##§§.≈§≈§§≈≈§§≈≈§§§.##
,#.....,##...≈§≈########≈§§§..##
,'.....##.)§§§###......###§≈≈§§##
##....##.)≈§§##..........##≈§≈§.#
#....##))≈≈≈##.)@().).(..(##§≈≈..
....##..≈≈≈##..).######...)##≈§§§
...##.§≈≈§##.)[###....###...##§§§
...#.§§≈§##.()##§S..§S..##.).##§§
...#..§≈≈#.()##.§§§§§≈§§.##..)#≈)
...#'#####†..#S.§§≈≈≈§≈≈S.#...).§
...).##..(#S##.≈≈≈≈≈≈≈§≈≈(#######
....##....)##SS≈≈≈≈≈≈≈≈≈≈SS#**,,,
....#.....)†#[≈§≈≈≈§§§≈≈≈≈§#*,,,,


You could see a shock serpent.

Vanquished Creatures
  Kirke (Snake:3)
  6 greater nagas
  Maud (Orc:2)
  An orc warlord (Orc:4)
  Snorg (D:12)
  A fire dragon (Lair:8)
  A minotaur (Lab)
  2 ice dragons (D:15)
  2 vault guards (D:13)
  6 hydras
  13 anacondas
  4 centaur warriors
  10 naga warriors
  A catoblepas (D:15)
  The ghost of namelastname112 the Cruncher, an experienced DrGl of Okawaru (D:9)
  2 ogre magi (D:15)
  5 death yaks (Lair:8)
  12 naga sharpshooters
  7 salamander mystics
  Sonja (Orc:2)
  Nergalle (D:10)
  An orc high priest (Orc:4)
  6 shock serpents
  9 naga ritualists
  The ghost of OrbSeeker the Covert, an experienced OpAs of Dithmenos (D:6)
  3 hill giants
  16 mana vipers
  A wolf spider zombie (D:15)
  3 cyclopes
  5 lindwurms
  An orc sorcerer (Orc:4)
  4 griffons
  A manticore (D:14)
  11 ugly things
  3 orc knights
  2 necromancers (D:13)
  4 wizards
  7 salamanders
  20 naga magi
  40 black mambas
  5 guardian serpents
  Joseph (D:7)
  A centaur zombie (D:11)
  3 elephants (Lair:7)
  2 molten gargoyles (D:12)
  4 torpor snails
  2 kobold demonologists
  7 fire drakes
  16 spiny frogs
  10 komodo dragons
  10 trolls
  A two-headed ogre (shapeshifter) (D:8)
  5 two-headed ogres
  5 slime creatures (D:12)
  2 boulder beetles (Lair:8)
  6 polar bears
  11 blink frogs
  A trapdoor spider (D:15)
  5 deep elf magi
  A shadow (D:12)
  3 hogs (Snake:3)
  A golden eye (shapeshifter) (D:13)
  19 humans (D:13)
  A water elemental (D:14)
  7 basilisks
  6 wyverns
  27 yaks
  The ghost of ImmaFairy the Skirmisher, an average FoFi (D:7)
  A centaur simulacrum (D:15)
  Grum (D:9)
  2 hungry ghosts
  2 steam dragons (Lair:8)
  25 wolves
  8 hippogriffs
  2 mottled dragons (Lair:8)
  19 water moccasins
  4 ice beasts
  2 soldier ants
  2 wargs (Orc:4)
  11 porcupines
  Duvessa (D:7)
  27 orc warriors
  A black bear (shapeshifter) (Lair:1)
  2 sky beasts (D:8)
  14 ogres
  2 wasps
  An eye of draining (D:11)
  32 nagas
  A necrophage (D:13)
  2 phantoms
  A boring beetle (Lair:8)
  18 crocodiles
  20 centaurs
  9 big kobolds
  23 giant frogs
  Dowan (D:7)
  13 scorpions
  10 wights
  11 killer bees
  2 electric eels (Lair:5)
  5 crimson imps
  5 lava snakes (D:12)
  28 orc priests
  38 orc wizards
  2 quasits
  7 centaur skeletons
  2 giant frog zombies
  23 jellies
  Crazy Yiuf (D:4)
  4 hounds
  2 giant frog skeletons
  16 iguanas
  3 spectral orcs (D:10)
  13 worker ants
  14 sheep
  A killer bee zombie (D:8)
  2 big kobold zombies (Ossuary)
  3 mummies (Ossuary)
  2 hound skeletons
  45 river rats
  6 scorpion zombies (Ossuary)
  12 adders
  7 shadow imps
  An adder zombie (D:10)
  2 oozes
  2 adder skeletons
  A worm (D:2)
  4 giant geckos
  144 orcs
  5 gnoll zombies (Ossuary)
  13 hobgoblins
  34 kobolds
  6 quokkas
  2 ball pythons
  17 bats
  3 giant cockroaches
  A giant gecko zombie (D:8)
  6 giant newts
  8 goblins
  2 goblin zombies (Ossuary)
  12 jackals
  3 kobold zombies (Ossuary)
  An orc zombie (Ossuary)
  23 rats
  A fungus (Lair:7)
1182 creatures vanquished.

Vanquished Creatures (collateral kills)
  An orc warlord (Orc:4)
  A big kobold (Orc:3)
  An orc priest (Orc:1)
  2 orc wizards
  13 orcs
  2 goblins
  A plant (Lair:8)
21 creatures vanquished.

Vanquished Creatures (others)
  2 merfolk (Orc:4)
  A human (Snake:3)
  A river rat (D:9)
  A rat (D:9)
  6 fungi
  2 plants (Lair:5)
13 creatures vanquished.

Grand Total: 1216 creatures vanquished

Notes
Turn   | Place    | Note
--------------------------------------------------------------
     0 | D:1      | namelastname112, the Draconian Gladiator, began the quest for the Orb.
     0 | D:1      | Reached XP level 1. HP: 17/17 MP: 1/1
   396 | D:1      | Reached XP level 2. HP: 25/25 MP: 2/2
   758 | D:2      | Reached XP level 3. HP: 30/30 MP: 3/3
   861 | D:2      | Found a sparkling altar of Nemelex Xobeh.
   990 | D:2      | Reached skill level 4 in Staves
  1251 | D:2      | Reached XP level 4. HP: 37/37 MP: 4/4
  1625 | D:3      | Reached XP level 5. HP: 18/45 MP: 5/5
  1906 | D:3      | Found a snail-covered altar of Cheibriados.
  1907 | D:3      | Found a glowing golden altar of the Shining One.
  1980 | D:3      | Found a bloodstained altar of Trog.
  2280 | D:3      | You fall through a shaft for 3 floors!
  2330 | D:6      | Found an iron altar of Okawaru.
  2336 | D:6      | Became a worshipper of Warmaster Okawaru
  2360 | D:6      | Noticed OrbSeeker's ghost (experienced OpAs)
  2366 | D:6      | Noticed an ice beast
  2367 | D:6      | Found a stormy altar of Qazlal.
  2402 | D:6      | Killed OrbSeeker's ghost
  2402 | D:6      | Acquired Okawaru's first power
  2402 | D:6      | Reached skill level 6 in Staves
  2402 | D:6      | Reached XP level 6. HP: 47/55 MP: 6/6
  2402 | D:6      | Your scales start taking on a weird mottled colour.
  2402 | D:6      | Reached XP level 7. HP: 51/60 MP: 7/7
  2406 | D:6      | Killed an ice beast
  2406 | D:6      | Reached skill level 5 in Fighting
  2558 | D:6      | Found a sparkling altar of Nemelex Xobeh.
  2578 | D:6      | Reached skill level 7 in Staves
  2591 | D:6      | Noticed a water moccasin
  2598 | D:6      | Killed a water moccasin
  2598 | D:6      | Reached skill level 5 in Dodging
  2598 | D:6      | Reached XP level 8. HP: 69/69 MP: 8/8
  2648 | D:6      | Noticed a hippogriff
  2657 | D:6      | Killed a hippogriff
  2800 | D:5      | Entered Level 5 of the Dungeon
  2910 | D:5      | Found a glowing drain.
  2934 | Sewer    | Entered a sewer
  3013 | Sewer    | Reached skill level 8 in Staves
  3032 | Sewer    | Found a white marble altar of Elyvilon.
  3650 | D:4      | Noticed Crazy Yiuf
  3662 | D:4      | Killed Crazy Yiuf
  3694 | D:4      | Found a basalt altar of Yredelemnul.
  3908 | D:4      | Found a staircase to the Ecumenical Temple.
  4013 | D:5      | Found Ytofa's Distillery.
  4016 | D:5      | Bought a potion of heal wounds for 55 gold pieces
  4016 | D:5      | Bought a potion of curing for 33 gold pieces
  4197 | D:5      | Reached XP level 9. HP: 72/78 MP: 9/9
  4309 | D:5      | Reached skill level 9 in Staves
  4640 | D:6      | Noticed an ogre
  4646 | D:6      | Killed an ogre
  4655 | D:6      | Found an ancient bone altar of Kikubaaqudgha.
  4860 | D:6      | Reached skill level 10 in Crossbows
  4860 | D:6      | Reached XP level 10. HP: 86/86 MP: 10/10
  4998 | D:7      | Noticed Duvessa
  5000 | D:7      | Noticed Dowan
  5007 | D:7      | Killed Duvessa
  5015 | D:7      | Killed Dowan
  5057 | D:7      | Noticed Joseph
  5075 | D:7      | Killed Joseph
  5075 | D:7      | Received a gift from Okawaru
  5325 | D:7      | Found Hozxigyo's Assorted Antiques.
  5348 | D:7      | Noticed ImmaFairy's ghost (average FoFi)
  5364 | D:7      | Killed ImmaFairy's ghost
  5386 | D:7      | Bought a potion of curing for 78 gold pieces
  5426 | D:8      | Found Fishejokep's Jewellery Shoppe.
  5484 | D:8      | Received a gift from Okawaru
  5491 | D:8      | Found a shadowy altar of Dithmenos.
  5587 | D:8      | Gained mutation: Your tail ends in a poisonous barb. [mutagenic meat]
  5588 | D:8      | Gained mutation: You have a pair of small horns on your head. [mutagenic meat]
  5589 | D:8      | Gained mutation: Potions and wands are less effective at restoring your health. [mutagenic meat]
  5590 | D:8      | Gained mutation: You are resistant to hostile enchantments. [mutagenic meat]
  5591 | D:8      | Gained mutation: You are frail (-10% HP). [mutagenic meat]
  5621 | D:8      | Acquired Okawaru's second power
  5649 | D:8      | Received a gift from Okawaru
  5768 | D:8      | Found a sand-covered staircase.
  5774 | Ossuary  | Entered an ossuary
  6012 | Ossuary  | Reached skill level 10 in Staves
  6677 | D:9      | Found a blossoming altar of Fedhas.
  6819 | D:9      | Found a deep blue altar of Sif Muna.
  6884 | D:9      | Reached XP level 11. HP: 84/84 MP: 11/11
  6948 | D:9      | Found a staircase to the Lair.
  6993 | D:9      | Noticed namelastname112's ghost (experienced DrGl)
  7351 | D:9      | Noticed Grum
  7373 | D:9      | Received a gift from Okawaru
  7380 | D:9      | Killed Grum
  7388 | D:9      | Got a smoking longbow {god gift}
  7629 | D:8      | Identified the +8 longbow "Oriwneic" {freeze, rPois MP-9 Str+4} (Okawaru gifted it to you on level 9 of the Dungeon)
  7799 | D:9      | Found an opulent altar of Gozag.
  8152 | D:9      | Killed namelastname112's ghost
  8152 | D:9      | Reached skill level 11 in Staves
  8183 | D:9      | Found a staircase to the Orcish Mines.
  8521 | D:10     | Entered Level 10 of the Dungeon
  8823 | D:10     | Noticed Nergalle
  8882 | D:10     | Killed Nergalle
  8882 | D:10     | Received a gift from Okawaru
  9229 | D:10     | Noticed a two-headed hydra
  9236 | D:10     | Killed a two-headed hydra
  9236 | D:10     | Received a gift from Okawaru
  9389 | D:10     | Noticed a centaur warrior
  9405 | D:10     | Killed a centaur warrior
  9405 | D:10     | Reached skill level 12 in Staves
  9705 | D:11     | Reached XP level 12. HP: 83/95 MP: 12/12
  9762 | D:11     | Noticed a hill giant
  9768 | D:11     | Killed a hill giant
  9867 | D:11     | Gained mutation: You possess an exceptional clarity of mind. [mutagenic meat]
 10536 | D:11     | Reached skill level 10 in Fighting
 11058 | D:11     | Found a portal to a secret trove of treasure.
 11058 | D:11     | Noticed a hill giant
 11068 | D:11     | Killed a hill giant
 11072 | D:11     | You paid a toll of 7 potions of haste to enter a treasure trove
 11073 | Trove    | Entered a treasure trove
 11137 | Trove    | Learned a level 1 spell: Apportation
 11140 | Trove    | Learned a level 2 spell: Blink
 11142 | Trove    | Learned a level 1 spell: Summon Butterflies
 11143 | Trove    | Identified a +5 rod of clouds (12/12) (You found it in a treasure trove)
 11144 | Trove    | Identified a +2 rod of destruction (14/14) (You found it in a treasure trove)
 11150 | Trove    | Identified Sif Muna's Volume of Combat Magic and Intoxication
 11565 | Lair:1   | Entered Level 1 of the Lair of Beasts
 12302 | Lair:1   | Gained mutation: You have supernaturally acute eyesight. [potion of mutation]
 12938 | Lair:2   | Reached skill level 13 in Staves
 13157 | Lair:2   | Got a translucent glass ring
 13235 | Lair:2   | Identified the ring "Ruynuz" {+Inv MR+ Int-2 Slay+5 SInv} (You found it on level 2 of the Lair of Beasts)
 13753 | Lair:3   | Got an encrusted scythe
 13754 | Lair:3   | Identified the cursed +1 scythe "Ihelou" {venom, rF++} (You found it on level 3 of the Lair of Beasts)
 14070 | Lair:3   | Received a gift from Okawaru
 14408 | Lair:3   | Received a gift from Okawaru
 14411 | Lair:3   | Got a steaming buckler {god gift}
 14632 | Lair:4   | Found a staircase to the Snake Pit.
 14746 | Lair:4   | Noticed a five-headed hydra
 14763 | Lair:4   | Killed a five-headed hydra
 14917 | Lair:4   | Reached XP level 13. HP: 58/103 MP: 13/13
 15150 | Lair:4   | Identified a scroll of acquirement
 15241 | Lair:4   | Reached skill level 14 in Staves
 16392 | Lair:5   | Gained mutation: You have a pair of horns on your head. [potion of mutation]
 16392 | Lair:5   | Gained mutation: Your tail ends in a sharp poisonous barb. [potion of mutation]
 16392 | Lair:5   | Gained mutation: You have sharp toenails. [potion of mutation]
 16393 | Lair:5   | Gained mutation: You are dopey. (Int -2) [potion of mutation]
 16522 | Lair:6   | Reached skill level 1 in Evocations
 16741 | Lair:6   | Reached skill level 1 in Invocations
 17278 | Lair:7   | Reached skill level 10 in Dodging
 17288 | Lair:7   | Received a gift from Okawaru
 17467 | Lair:7   | Gained mutation: You have razor-sharp toenails. [potion of mutation]
 17467 | Lair:7   | Lost mutation: You have a pair of horns on your head. [potion of mutation]
 17961 | Lair:8   | Entered Level 8 of the Lair of Beasts
 18318 | Lair:5   | Reached skill level 5 in Invocations
 18556 | Lair:5   | Found a staircase to the Shoals.
 18884 | Lair:5   | Received a gift from Okawaru
 18884 | Lair:5   | Reached skill level 5 in Evocations
 18905 | Lair:5   | Identified the +1 buckler "Cefey" {rElec rC+ Str+4 Stlth+} (Okawaru gifted it to you on level 3 of the Lair of Beasts)
 19491 | Lair:8   | Gained mutation: Your system is resistant to poisons. [potion of mutation]
 19594 | Lair:8   | Received a gift from Okawaru
 19608 | Lair:8   | Identified a +0 pair of boots of running (Okawaru gifted it to you on level 8 of the Lair of Beasts)
 19771 | Lair:8   | Reached XP level 14. HP: 109/111 MP: 18/18
 20188 | Lair:8   | Drew Focus: Str increased to 19, Int decreased to 8
 20193 | Lair:8   | Hired Hocasicup the big kobold for 97 gold.
 20596 | Lair:8   | Found a staircase to the Slime Pits.
 21200 | Orc:1    | Entered Level 1 of the Orcish Mines
 21335 | Orc:2    | Noticed Sonja
 21343 | Orc:2    | Killed Sonja
 21611 | Orc:3    | Found a staircase to the Elven Halls.
 21613 | Orc:3    | Found Futraf's General Store.
 21630 | Orc:3    | Bought a plain deck of wonders for 182 gold pieces
 21630 | Orc:3    | Drew Focus: Str increased to 20, Int decreased to 7
 21632 | Orc:3    | Hired Reetipsiy the merfolk for 305 gold.
 21638 | Orc:3    | Hired Enourhun the merfolk for 298 gold.
 21839 | Orc:2    | Found Vaotaop's Armour Emporium.
 21859 | Orc:2    | Noticed Maud
 21870 | Orc:2    | Killed Maud
 22028 | Orc:1    | Received a gift from Okawaru
 22327 | Orc:4    | Entered Level 4 of the Orcish Mines
 22461 | Orc:4    | Found a roughly hewn altar of Beogh.
 22477 | Orc:4    | Found Zohunteyh's Distillery.
 22488 | Orc:4    | Bought a potion of heal wounds for 75 gold pieces
 22488 | Orc:4    | Bought a potion of curing for 45 gold pieces
 22647 | Orc:4    | Noticed an orc warlord
 22659 | Orc:4    | Your ally Enourhun died
 22662 | Orc:4    | Killed an orc warlord
 22662 | Orc:4    | Received a gift from Okawaru
 22671 | Orc:4    | Your ally Reetipsiy died
 23424 | Orc:4    | Found a roughly hewn altar of Beogh.
 23559 | Orc:4    | Found a roughly hewn altar of Beogh.
 23569 | Orc:4    | Found Xeij's Antique Weapon Shoppe.
 23585 | Orc:4    | Bought a hand crossbow for 101 gold pieces
 23864 | Orc:4    | Found a roughly hewn altar of Beogh.
 23930 | Orc:4    | Noticed an orc warlord
 23963 | Orc:4    | Killed an orc warlord
 24005 | Orc:4    | Found a roughly hewn altar of Beogh.
 24017 | Orc:4    | Found Loetaute's Antique Armour Emporium.
 24021 | Orc:4    | Found Moifixam's Antique Weapon Shoppe.
 24030 | Orc:4    | Bought a glowing hand crossbow for 87 gold pieces
 24588 | D:12     | Received a gift from Okawaru
 24631 | D:12     | Noticed Snorg
 24638 | D:12     | Killed Snorg
 24638 | D:12     | Received a gift from Okawaru
 24643 | D:12     | Found Pian's Hallowed Reliquary.
 24645 | D:12     | Found a glowing golden altar of the Shining One.
 24647 | D:12     | Found a glowing golden altar of the Shining One.
 24676 | D:12     | Noticed an angel
 24692 | D:12     | Bought a wand of heal wounds (1) for 420 gold pieces
 25170 | D:13     | Received a gift from Okawaru
 25173 | D:13     | Reached XP level 15. HP: 108/118 MP: 22/22
 25222 | D:13     | Found a labyrinth entrance.
 25234 | Lab      | Entered a labyrinth
 26599 | D:13     | Received a gift from Okawaru
 26758 | D:13     | Found a gate to the Vaults.
 27102 | D:14     | Identified the Compendium of Dhcmrlchtdj
 27491 | D:14     | Identified Sif Muna's Volume of Combed Thunderclap
 27510 | D:14     | Identified the Handbook of Sand (You found it on level 14 of the Dungeon)
 27696 | D:15     | Entered Level 15 of the Dungeon
 27761 | D:15     | Found a white marble altar of Elyvilon.
 27813 | D:15     | Received a gift from Okawaru
 27996 | D:15     | Found a staircase to the Depths.
 28374 | D:15     | Found a shadowy altar of Dithmenos.
 29410 | Snake:1  | Entered Level 1 of the Snake Pit
 29424 | Snake:1  | Received a gift from Okawaru
 29552 | Snake:1  | Reached skill level 15 in Staves
 30199 | Snake:2  | Reached XP level 16. HP: 128/128 MP: 23/23
 30210 | Snake:2  | Received a gift from Okawaru
 30870 | Snake:2  | Reached skill level 15 in Crossbows
 31783 | Snake:3  | Noticed Kirke
 31925 | Snake:3  | Killed Kirke
 31994 | Snake:3  | Received a gift from Okawaru
 31997 | Snake:3  | Got a slimy cloak {god gift}
 32009 | Snake:3  | Identified the +1 cloak "Ruwoah Uruys" {rC++} (Okawaru gifted it to you on level 3 of the Snake Pit)
 32199 | Snake:3  | Reached skill level 16 in Crossbows
 32415 | Snake:4  | Entered Level 4 of the Snake Pit
 33232 | Snake:4  | Received a gift from Okawaru
 33235 | Snake:4  | Got a pair of transparent gloves {god gift}
 33246 | Snake:4  | Identified the +2 pair of gloves of the Mind {rPois Regen+} (Okawaru gifted it to you on level 4 of the Snake Pit)
 33268 | Snake:4  | Reached XP level 17. HP: 132/136 MP: 24/24
 33415 | Snake:4  | Lost mutation: You have supernaturally acute eyesight. [mutagenic meat]
 33417 | Snake:4  | Lost mutation: You are frail (-10% HP). [mutagenic meat]
 33418 | Snake:4  | Gained mutation: You are robust (+10% HP). [mutagenic meat]
 34028 | Snake:4  | Received a gift from Okawaru
 34063 | Snake:4  | HP: 5/169 [shock serpent/bolt of electricity (21)]
 34064 | Snake:4  | Killed from afar by a shock serpent

Action                   |  1- 3 |  4- 6 |  7- 9 | 10-12 | 13-15 | 16-18 || total
-------------------------+-------+-------+-------+-------+-------+-------++-------
Melee: Quarterstaff      |   107 |   121 |   244 |  1065 |     3 |       ||  1540
       Lajatang          |       |       |       |       |  1396 |   437 ||  1833
 Fire: Triple crossbow   |       |       |       |       |    27 |   191 ||   218
       Arbalest          |       |       |       |       |     6 |       ||     6
Throw: Throwing net      |       |       |       |       |     2 |       ||     2
Invok: Heroism           |       |       |       |     1 |       |       ||     1
 Abil: Breathe Sticky Fl |       |       |     5 |     8 |     6 |       ||    19
Evoke: Wand              |       |     5 |     2 |     8 |     1 |       ||    16
       Rod               |       |       |       |       |    26 |       ||    26
       Deck              |       |       |       |       |    29 |       ||    29
  Use: Scroll            |       |       |     7 |    27 |    12 |     5 ||    51
       Potion            |       |       |     1 |    14 |     8 |     2 ||    25
 Stab: Distracted        |     1 |       |       |     1 |       |       ||     2
       Sleeping          |       |       |     2 |     2 |     1 |       ||     5
       Paralysed         |       |       |     5 |     7 |       |       ||    12
       Confused          |       |       |       |     5 |       |       ||     5
       Petrifying        |       |       |       |     3 |       |       ||     3
       Fleeing           |       |       |       |       |     2 |       ||     2
  Eat: Chunk             |       |     4 |     9 |    23 |    40 |    10 ||    86
       Beef jerky        |       |       |       |     4 |     1 |     1 ||     6
       Meat ration       |       |       |       |     2 |     3 |     1 ||     6
       Fruit             |       |       |       |     4 |     6 |     4 ||    14
       Royal jelly       |       |       |       |       |     1 |       ||     1
       Pizza             |       |       |       |       |       |     2 ||     2
